cohdb
Replays
Latest Replays
All Replays
Popular Replays
Top Player Replays
Match Explorer
How It Works
Community
CoH3 Stats
Reddit
Sign in to upload your games and track your stats! →
Sign in with Steam
Match 38010371
Unlisted
Match 38010371
Overview
Messages
Build Orders
End
Kradschützen Motorcycle Team
Selects Battlefield Espionage Battlegroup
Selects Sector Subterfuge Beacon
Panzergrenadier Squad
250 Light Carrier
Construct Light Support Kompanie
Assault Grenadier Squad
MG34 Team
Selects Transfer Depots
Panzerjäger Mechanized Group
Advanced Field Repairs
Combat Half-tracks
Construct Mechanized Kompanie
Selects 250/3 Funkpanzerwagen
WadoVice
jonjieamor07
0
0
Comments
sign in to comment!
No comments posted yet!